 Dungeon Crawl Stone Soup version 0.32-a0-673-g3729bd5 (webtiles) character file.

Game seed: 5133629408102445609

137 Dorkslayer the Trooper (level 5, 0/36 HPs)
             Began as an Octopode Fighter on Mar 10, 2024.
             Slain by a gnoll
             ... wielding a +0 flail
              (4 damage)
             ... on level 3 of the Dungeon.
             The game lasted 00:04:44 (1999 turns).

Dorkslayer the Trooper (Octopode Fighter)           Turns: 1999, Time: 00:04:45

Health: 0/36       AC:  1    Str: 17    XL:     5   Next: 20%
Magic:  5/5        EV: 12    Int: 11    God:
Gold:   133        SH: 10    Dex: 13    Spells: 4/4 levels left

rFire   . .          .
                       - Unarmed
rCold   . . .        d - +2 kite shield of the Dice {Dex+2}
rNeg    . . .        (helmet restricted)
rPois   .            (no amulet)
rElec   .            (no ring)
rCorr   .            (no ring)
SInv    .            (no ring)
Will    .....        (no ring)
Stlth   +++          (no ring)
HPRegen 0.26/turn    (no ring)
MPRegen 0.09/turn    (no ring)
                     (no ring)

%: no passive effects
@: mighty, invisible
A: almost no armour, amphibious, 8 rings, camouflage 1, gelatinous body 1,
(nimble swimmer 1), tentacles
a: no special abilities


You were on level 3 of the Dungeon.
You visited 1 branch of the dungeon, and saw 3 of its levels.

You collected 133 gold pieces.

Inventory:

Missiles
 j - 3 javelins (quivered)
Armour
 d - the +2 kite shield of the Dice (worn) {Dex+2}
   (You found it on level 2 of the Dungeon)

   Dex+2:     It affects your dexterity (+2).
Scrolls
 a - a scroll of teleportation
 h - a scroll of revelation
 i - a scroll of fear {unknown}
Potions
 c - a potion of brilliance
 g - a potion of attraction {unknown}
 m - a potion of enlightenment {unknown}
 n - a potion of mutation


   Skills:
 + Level 3.5 Fighting
 + Level 3.5 Dodging
 + Level 2.6 Stealth
 + Level 3.4 Shields
 * Level 3.5 Unarmed Combat


You had 4 spell levels left.
You didn't know any spells.
Your spell library contained the following spells:

 Spells                   Type           Power      Damage    Failure   Level
 Jinxbite                 Hex            0%         N/A       83%         2
 Vhi's Electric Charge    Tloc/Air       0%         N/A       100%        4
 Arcjolt                  Conj/Air       0%         1d10      100%        5
 Yara's Violent Unravell  Hex/Alch       0%         3d3       100%        5
 Plasma Beam              Fire/Air       0%         2x1d10    100%        6
 Enfeeble                 Hex            0%         N/A       100%        7


Dungeon Overview and Level Annotations

Branches:
Dungeon (3/15)

Altars:
Elyvilon


Innate Abilities, Weirdness & Mutations

You cannot wear most types of armour.
You are amphibious.
You can wear up to eight rings at the same time.
Your skin changes colour to match your surroundings (Stealth+).
Your rubbery body absorbs attacks. (AC +1, EV +1)
((You are camouflaged when in or above water. (Stealth+)))
You have tentacles for arms and can constrict up to eight enemies at once.


Message History

You feel much better.
The gnoll hits you from afar with a +0 halberd!
The gnoll hits you with a +0 war axe.
You closely miss the gnoll. You grab the gnoll.
The gnoll is moderately wounded.
You constrict the gnoll.
The gnoll hits you from afar with a +0 halberd!
The gnoll hits you with a +0 war axe.
* * * LOW HITPOINT WARNING * * *
You bludgeon the gnoll!
You kill the gnoll!
You block the gnoll's attack. You block the gnoll's attack.
Things that are here:
11 gold pieces; a +0 war axe You tentacle-slap the gnoll.
You grab the gnoll. You squeeze the gnoll!
The gnoll is almost dead.
You constrict the gnoll.
You kill the gnoll!
The kobold throws a stone.
The stone hits you but does no damage.
You have reached level 5!
You feel clever.
It was a potion of invisibility.
You fade into invisibility!
The gnoll throws a stone.
The stone barely misses the gnoll.
The stone closely misses the kobold.
The stone hits you.
* * * LOW HITPOINT WARNING * * *
You miss the kobold. Your grab misses the kobold. The kobold barely misses you.
You closely miss the kobold. You grab the kobold. You constrict the kobold.
You kill the kobold!
The gnoll throws a stone.
The stone barely misses the gnoll.
The stone closely misses you.
You closely miss the gnoll. Your grab misses the gnoll.
You block the gnoll's attack.
You closely miss the gnoll. You grab the gnoll. You squeeze the gnoll!
You kill the gnoll!
You closely miss the gnoll. Your grab misses the gnoll.
The gnoll is almost dead.
The gnoll hits you with a +0 flail.
You die...

**,***.....*#####.[.######.#.#.##
,,,,,.......** #...# #.........
,,,,........,* #...# #.#.#.#.##
**,##.......#####...# #.#.....#
*,,***,,,,,,........# ##.###.###
*,** *,,,,,>....<...###...##.#
*,* *,*,,#######.........##.# *,*
*,*#.#...####..###...##.# ,,*
*,*#((....g@............#
,,****,*#.#...####.###########
,,,,,,,,,,##(** #.# ###
,,,,,,,,,,..,,* #.# #..
,****,,**##*,,* #.# #.# ,* *,,*
#..####.###### #.#
,****,,****#............# #.#
,,,,,,,,,,,.###....####.# ##.#
*****,,***,** ##.#.# #.######...


You could see a gnoll (unable to see you).

Vanquished Creatures
  3 gnolls (D:3)
  4 adders (D:2)
  2 ribbon worms
  2 dart slugs
  An orc (D:3)
  5 bats
  2 endoplasms
  6 giant cockroaches
  2 goblins
  3 hobgoblins
  2 jackals (D:1)
  5 quokkas
  8 ball pythons
  6 frilled lizards
  7 kobolds
  2 rats
60 creatures vanquished.

Notes
Turn   | Place    | Note
-------+----------+-------------------------------------------
     0 | D:1      | Dorkslayer the Octopode Fighter began the quest for the
                  | Orb.
     0 | D:1      | Reached XP level 1. HP: 16/16 MP: 1/1
   119 | D:1      | Reached XP level 2. HP: 10/21 MP: 2/2
   220 | D:1      | Found a faded altar of an unknown god.
   366 | D:1      | Reached XP level 3. HP: 26/26 MP: 3/3
   461 | D:1      | Reached skill level 1 in Stealth
  1017 | D:2      | Reached XP level 4. HP: 19/31 MP: 4/4
  1428 | D:2      | Identified the +2 kite shield of the Dice {Dex+2}
  1474 | D:2      | Found a white marble altar of Elyvilon.
  1994 | D:3      | Reached XP level 5. HP: 9/36 MP: 5/5
  1999 | D:3      | Slain by a gnoll

Illustrated notes

Levels and vault maps discovered:
D:1:      saegor_arrival_simple_b, layout_loops_ring,
          hellmonk_ecumenical_altar_arch_garden, due_unseen_surprise
D:2:      layout_loops_ring, serial_forest, infiniplex_forest_lined_corner,
          infiniplex_forest_straight_4, infiniplex_forest_lined_corner,
          infiniplex_forest_straight_2, infiniplex_forest_clump_curved,
          basic_altar
D:3:      layout_loops_ring, uniq_sigmund

Skill      XL: |  1  2  3  4 |
---------------+-------------+-----
Stealth        | 1 2 |  2.6
Unarmed Combat | 3 |  3.5
Fighting       | |  3.5
Dodging        | |  3.5
Shields        | |  3.4

Action                     |  1- 3 |  4- 6 || total
---------------------------+-------+-------++-------
  Melee: Unarmed           |    78 |    40 ||   118
         Constrict         |    22 |    14 ||    36
         Tentacles         |    16 |     7 ||    23
         Punch             |     2 |       ||     2
  Throw: Javelin           |       |     3 ||     3
    Use: Scroll            |       |    10 ||    10
         Potion            |       |     3 ||     3
   Stab: Sleeping          |     5 |     4 ||     9
 Armour: Skin              |    35 |    24 ||    59
  Dodge: Dodged            |    56 |    19 ||    75
  Block: Buckler           |    12 |     4 ||    16
         Kite shield       |       |    10 ||    10

Table legend: (Time is in decaauts)
 A = Elapsed time spent in this place.
 B = Non-inter-level travel time spent in this place.
 C = Inter-level travel time spent in this place.
 D = Time resting spent in this place.
 E = Time spent auto-exploring this place.
 F = Levels seen in this place.
 G = Mean time per level.
                   A        B        C        D        E       F      G
               +--------+--------+--------+--------+--------+-----+--------+
         Total |   2001 |   2001 |      0 |     29 |   1164 |   3 |  667.0 |
       Dungeon |   2001 |   2001 |      0 |     29 |   1164 |   3 |  667.0 |
               +--------+--------+--------+--------+--------+-----+--------+

Top non-repeatable levels by time:
     D:2: 824 daAuts
     D:1: 717 daAuts
     D:3: 459 daAuts
